[Event "Titled Tuesday Blitz May 25 2021"]
[White "Sjugirov, Sanan"]
[Black "Trimitzios, Petros"]
[WhiteFideId "4189302"]
[BlackFideId "25808796"]
[WhiteElo "2472"]
[BlackElo "2049"]
[Result "1-0"]
[Round "03"]
[TimeControl "180+1"]
[Date "2021.05.25"]
[WhiteClock "0:00:36"]
[BlackClock "0:00:01"]

1. e4 c6 2. d4 d5 3. e5 Bf5 4. Nd2 e6 5. Nb3 Nd7 6. Nf3 h6 7. Be2 Bh7 8. O-O a6 9. c3 Ne7 10. Ne1 c5 11. Nxc5 Nxc5 12. dxc5 Nc6 13. b4 Nxe5 14. f4 Nc6 15. Bd3 Bxd3 16. Nxd3 Be7 17. Bd2 O-O 18. Qg4 Kh8 19. Rae1 Bf6 20. Rf3 g6 21. Rh3 h5 22. Ree3 Bg7 23. Reg3 Qf6 24. Qe2 Rfe8 25. Rg5 Kg8 26. Ne5 Qd8 27. Nxg6 fxg6 28. Rxg6 Kf8 29. Qxh5 Qd7 30. Rhg3 Qf7 31. Kh1 Ne7 32. R6g5 1-0


[Site "https://www.chess.com"]

[Event "Titled Tuesday Blitz May 25 2021"]
[White "Solon, Nathan"]
[Black "Baches Garcia, Guillermo"]
[WhiteFideId "2017229"]
[BlackFideId "2209764"]
[WhiteElo "2660"]
[BlackElo "2415"]
[Result "1-0"]
[Round "03"]
[TimeControl "180+1"]
[Date "2021.05.25"]
[WhiteClock "0:00:20"]
[BlackClock "0:00:03"]

1. d4 Nf6 2. c4 e6 3. g3 d5 4. Bg2 Be7 5. Nf3 O-O 6. O-O dxc4 7. Qd2 c5 8. dxc5 Qc7 9. Na3 Qxc5 10. Qc2 c3 11. Be3 Qf5 12. Qxc3 Nd5 13. Qb3 Nxe3 14. Qxe3 Nc6 15. Rfd1 Bc5 16. Qc3 Bb4 17. Qb3 e5 18. Nh4 Qf6 19. Bxc6 Bxa3 20. Bxb7 Bxb7 21. Qxa3 e4 22. Qd6 Qg5 23. Ng2 h5 24. h4 Qb5 25. Nf4 e3 26. fxe3 Qf5 27. Qc7 Qe4 28. Kf2 Rae8 29. Rd3 Re7 30. Qd6 Re6 31. Qd4 Qf5 32. Rc1 Re4 33. Qd7 Rxf4+ 34. exf4 Qe4 35. Rf3 Re8 36. Qd3 Qe6 37. Rc7 1-0


[Site "https://www.chess.com"]

[Event "Titled Tuesday Blitz May 25 2021"]
[White "Song, Julien"]
[Black "Hess, Robert"]
[WhiteFideId "659487"]
[BlackFideId "2022036"]
[WhiteElo "2225"]
[BlackElo "2557"]
[Result "0-1"]
[Round "03"]
[TimeControl "180+1"]
[Date "2021.05.25"]
[WhiteClock "0:00:09"]
[BlackClock "0:00:18"]

1. d4 g6 2. e4 Bg7 3. Nf3 d6 4. Bc4 e6 5. Qe2 Ne7 6. c3 O-O 7. Nbd2 Nd7 8. Nf1 d5 9. Bd3 c5 10. e5 Nc6 11. h4 cxd4 12. cxd4 f6 13. h5 fxe5 14. dxe5 Rxf3 15. gxf3 Ndxe5 16. hxg6 Nd4 17. gxh7+ Kh8 18. Qe3 Nexf3+ 19. Kd1 e5 20. Nd2 Bg4 21. b3 e4 22. Bb2 exd3 23. Rc1 Nxd2+ 24. Kxd2 Nf3+ 25. Qxf3 Bxf3 26. Bxg7+ Kxg7 27. Rcg1+ Kf7 0-1


[Site "https://www.chess.com"]

[Event "Titled Tuesday Blitz May 25 2021"]
[White "Sorokin, Aleksey"]
[Black "Stoleriu, George"]
[WhiteFideId "24176460"]
[BlackFideId "1227505"]
[WhiteElo "2476"]
[BlackElo "2227"]
[Result "1-0"]
[Round "03"]
[TimeControl "180+1"]
[Date "2021.05.25"]
[WhiteClock "0:02:00"]
[BlackClock "0:00:48"]

1. d4 e6 2. c4 Nf6 3. Nf3 Bb4+ 4. Nbd2 O-O 5. a3 Be7 6. e4 d6 7. Be2 Nfd7 8. b4 a5 9. Bb2 Bf6 10. e5 dxe5 11. dxe5 Be7 12. Qb3 Nc6 13. b5 Nc5 14. Qc2 Nb8 15. Rd1 Qe8 16. h4 b6 17. Ng5 Bxg5 18. hxg5 g6 19. Bf3 Bb7 20. Bxb7 Nxb7 21. Ne4 f5 22. gxf6 Nd7 23. Ng5 Rf7 24. Rd3 Nf8 25. Nxf7 Qxf7 26. Bd4 Rd8 27. Be3 Rxd3 28. Qxd3 Nd7 29. Qe4 Nbc5 30. Bxc5 Nxc5 31. Qa8+ 1-0


[Site "https://www.chess.com"]

[Event "Titled Tuesday Blitz May 25 2021"]
[White "Srihari L R"]
[Black "Zia, Tahsin Tajwar"]
[WhiteFideId "46617116"]
[BlackFideId "10211888"]
[WhiteElo "2121"]
[BlackElo "1800"]
[Result "1-0"]
[Round "03"]
[TimeControl "180+1"]
[Date "2021.05.25"]
[WhiteClock "0:00:27"]
[BlackClock "0:00:04"]

1. c4 Nf6 2. Nc3 g6 3. d4 Bg7 4. g3 O-O 5. Bg2 d6 6. Nf3 c6 7. O-O Bf5 8. d5 Ne4 9. Nd4 Nxc3 10. bxc3 Bd7 11. Rb1 c5 12. Nf3 b6 13. Qd3 Na6 14. e4 Nc7 15. Re1 e5 16. dxe6 Bxe6 17. Bf4 Ne8 18. Rbd1 Qc8 19. e5 dxe5 20. Nxe5 Rb8 21. Nd7 Bxd7 22. Bxb8 Bf5 23. Qd8 Bxc3 24. Qxc8 Bxc8 25. Re7 Bd4 26. Bxa7 Nf6 27. Bxb6 Be6 28. Rxd4 cxd4 29. Bxd4 Nd7 30. a4 Rb8 31. h3 Kf8 32. Rxe6 fxe6 33. a5 e5 34. Bc3 Rc8 35. a6 Nb6 36. a7 Rxc4 37. Ba5 Rc1+ 38. Kh2 Na8 39. Bxa8 Ra1 40. Bb6 Rxa7 41. Bxa7 Kf7 42. Kg2 Kf6 1-0


[Site "https://www.chess.com"]

[Event "Titled Tuesday Blitz May 25 2021"]
[White "Starozhilov, Leonid"]
[Black "Batsiashvili, Nino"]
[WhiteFideId "14106752"]
[BlackFideId "13602993"]
[WhiteElo "2411"]
[BlackElo "2286"]
[Result "1-0"]
[Round "03"]
[TimeControl "180+1"]
[Date "2021.05.25"]
[WhiteClock "0:00:17"]
[BlackClock "0:00:28"]

1. e4 c6 2. d3 d5 3. Nd2 e5 4. Ngf3 Bd6 5. d4 exd4 6. exd5 Ne7 7. Nb3 Nxd5 8. Nbxd4 O-O 9. Be2 Nd7 10. O-O Ne5 11. c3 Nxf3+ 12. Bxf3 Bc7 13. Re1 Qd6 14. g3 Bh3 15. Bg4 Bxg4 16. Qxg4 Rae8 17. Bd2 Qg6 18. Qf3 h5 19. h4 a5 20. Bg5 a4 21. Rad1 a3 22. b3 Bb6 23. Nf5 f6 24. Bd2 Qg4 25. Kg2 Qxf3+ 26. Kxf3 g6 27. Nd6 Rxe1 28. Rxe1 Rb8 29. c4 Nc7 30. b4 Rd8 31. c5 Nb5 32. Nxb5 Rxd2 33. Nd6 Bc7 34. Re8+ Kg7 35. Re7+ Kf8 36. Rxc7 Rxa2 37. Rxb7 Rb2 38. Ra7 a2 39. Kg2 g5 40. Nf5 gxh4 41. Nxh4 Ke8 42. Nf3 Kd8 43. Nd4 Rxb4 44. Nxc6+ 1-0


[Site "https://www.chess.com"]

[Event "Titled Tuesday Blitz May 25 2021"]
[White "Tabatabaei, M. Amin"]
[Black "Eternauta2400"]
[WhiteFideId "12521213"]
[WhiteElo "2555"]
[BlackElo "2457"]
[Result "1-0"]
[Round "03"]
[TimeControl "180+1"]
[Date "2021.05.25"]
[WhiteClock "0:00:21"]
[BlackClock "0:00:12"]

1. b3 e5 2. Bb2 Nc6 3. c4 g6 4. Nf3 Bg7 5. g3 Qe7 6. d3 d6 7. Bg2 Nf6 8. O-O O-O 9. Nc3 Be6 10. Nd2 Rad8 11. a3 d5 12. cxd5 Nxd5 13. b4 Nb6 14. Na4 Nxa4 15. Qxa4 Bd5 16. Bxd5 Rxd5 17. Rac1 a6 18. Ne4 Nb8 19. Qb3 Rfd8 20. Rc2 Kh8 21. Rfc1 c6 22. a4 f5 23. Nc3 R5d7 24. b5 axb5 25. axb5 cxb5 26. Nxb5 Nc6 27. Ba3 Qg5 28. Qe6 Qf6 29. Qxf6 Bxf6 30. Bc5 Kg7 31. Bb6 Re8 32. Bc5 Red8 33. Ra2 e4 34. dxe4 fxe4 35. Kg2 Rd2 36. Rxd2 Rxd2 37. Kf1 Rb2 38. Nd6 Bg5 39. Rd1 e3 40. f4 Be7 41. Bxe3 b5 42. Nc8 Kf7 43. Rd7 Rc2 44. Rc7 Ke8 45. Nxe7 Nb4 46. Rxc2 Nxc2 47. Nd5 b4 48. Bc1 b3 49. Bb2 Kd7 50. e4 Nb4 51. Nxb4 1-0


[Site "https://www.chess.com"]

[Event "Titled Tuesday Blitz May 25 2021"]
[White "Tari, Aryan"]
[Black "Nitin, S."]
[WhiteFideId "1510045"]
[BlackFideId "5018277"]
[WhiteElo "2656"]
[BlackElo "2431"]
[Result "1-0"]
[Round "03"]
[TimeControl "180+1"]
[Date "2021.05.25"]
[WhiteClock "0:00:12"]
[BlackClock "0:00:18"]

1. c4 g6 2. g3 Bg7 3. Bg2 d6 4. d4 Nf6 5. Nf3 O-O 6. O-O c6 7. Nc3 Bf5 8. b3 Ne4 9. Bb2 Nxc3 10. Bxc3 Be4 11. Re1 Nd7 12. Bh3 c5 13. Rc1 Bxf3 14. exf3 cxd4 15. Bxd4 Bxd4 16. Qxd4 Ne5 17. Re3 Qb6 18. Qxb6 axb6 19. a4 f5 20. f4 Nc6 21. Bg2 Rfe8 22. Rce1 Kf8 23. h4 Ra7 24. h5 Nd8 25. hxg6 hxg6 26. Bd5 Ra8 27. Kg2 Rc8 28. f3 Rc7 29. g4 e6 30. c5 bxc5 31. Bc4 Rce7 32. Kg3 d5 33. Bb5 Nc6 34. Kh4 Kg7 35. Kg5 Kf7 36. Rh1 Kg7 37. Bxc6 bxc6 38. Rc3 e5 39. fxe5 Rxe5 40. f4 Re2 41. Rch3 Rg2 42. Rh7+ Kf8 43. Kf6 1-0


[Site "https://www.chess.com"]

[Event "Titled Tuesday Blitz May 25 2021"]
[White "Tarigan, Gilbert Elroy"]
[Black "Lopez Gracia, Fernando"]
[WhiteFideId "7108133"]
[BlackFideId "2207184"]
[WhiteElo "1908"]
[BlackElo "2337"]
[Result "1/2-1/2"]
[Round "03"]
[TimeControl "180+1"]
[Date "2021.05.25"]
[WhiteClock "0:02:11"]
[BlackClock "0:02:42"]

1. e4 e5 2. Nf3 Nc6 3. Bb5 a6 4. Bxc6 dxc6 5. d3 Bd6 6. Nbd2 Ne7 7. Nc4 f6 8. Ne3 Be6 9. h4 Qd7 10. h5 O-O-O 11. Nh4 g6 12. Bd2 f5 1/2-1/2


[Site "https://www.chess.com"]

[Event "Titled Tuesday Blitz May 25 2021"]
[White "Terry, Renato"]
[Black "Shapiro, David"]
[WhiteFideId "3803457"]
[BlackFideId "24133523"]
[WhiteElo "2581"]
[BlackElo "2261"]
[Result "1-0"]
[Round "03"]
[TimeControl "180+1"]
[Date "2021.05.25"]
[WhiteClock "0:00:42"]
[BlackClock "0:00:02"]

1. e4 c6 2. Nf3 d5 3. exd5 cxd5 4. Ne5 Nc6 5. d4 Nf6 6. c3 g6 7. Bd3 Bg7 8. O-O O-O 9. Qe2 Nxe5 10. dxe5 Nd7 11. Bf4 Nc5 12. Bc2 e6 13. Qe3 b6 14. Nd2 a5 15. Nf3 Ba6 16. Rfe1 Rc8 17. Rad1 b5 18. a3 Qb6 19. Rd4 Nd7 20. Bh6 Rc4 21. Bxg7 Kxg7 22. Bd3 Rxd4 23. Nxd4 b4 24. Bxa6 Qxa6 25. axb4 axb4 26. cxb4 Rc8 27. h4 Qa4 28. b5 Qb4 29. h5 Rc4 30. h6+ Kg8 31. Rd1 Qxb2 32. g3 Qb4 33. Kg2 Kf8 34. Qg5 Ke8 35. Nc6 Qc5 36. Qd8# 1-0


[Site "https://www.chess.com"]

[Event "Titled Tuesday Blitz May 25 2021"]
[White "Timmermans, Mark"]
[Black "Isajevsky, Anton"]
[WhiteFideId "1026399"]
[BlackFideId "4142500"]
[WhiteElo "2460"]
[BlackElo "2510"]
[Result "0-1"]
[Round "03"]
[TimeControl "180+1"]
[Date "2021.05.25"]
[WhiteClock "0:00:20"]
[BlackClock "0:00:10"]

1. b4 d5 2. Bb2 Nf6 3. b5 Bf5 4. a4 e6 5. e3 Be7 6. c4 O-O 7. Nf3 h6 8. Be2 Nbd7 9. O-O Bh7 10. d4 c6 11. Nc3 Ne4 12. Qb3 Nxc3 13. Bxc3 dxc4 14. Bxc4 Nb6 15. Be2 Nd5 16. Bb2 c5 17. dxc5 Bxc5 18. Rfd1 Qe7 19. Rac1 Rac8 20. Rc4 Bd6 21. Rg4 f6 22. Bc4 Kh8 23. Nd4 Be5 24. Nxe6 Qxe6 25. h3 Bxb2 26. Bxd5 Qe5 27. f4 Qc3 28. Qxc3 Bxc3 29. Bxb7 Rcd8 30. Rc1 Bd2 31. Rc7 Bxe3+ 32. Kh2 Rg8 33. Kg3 Bf5 34. Rh4 Kh7 35. Kf3 Bb6 36. Rc3 Rd3+ 37. Rxd3 Bxd3 38. g4 g5 39. fxg5 fxg5 40. Rh5 Bg6 41. Be4 Rf8+ 42. Bf5 Rxf5+ 43. gxf5 Bxh5+ 44. Ke4 Kg7 45. Kd5 Kf6 46. Kc6 Kxf5 47. Kb7 Bd1 48. a5 Bxa5 49. Kxa7 Be1 50. b6 Bf2 51. Ka6 Be2+ 52. Ka5 Bf3 53. h4 gxh4 0-1


[Site "https://www.chess.com"]

[Event "Titled Tuesday Blitz May 25 2021"]
[White "Tregubov, Pavel V."]
[Black "The_filthy"]
[WhiteFideId "4115341"]
[WhiteElo "2423"]
[BlackElo "2427"]
[Result "0-1"]
[Round "03"]
[TimeControl "180+1"]
[Date "2021.05.25"]
[WhiteClock "0:00:40"]
[BlackClock "0:00:29"]

1. e4 e6 2. d4 d5 3. exd5 exd5 4. Nf3 Nf6 5. Bd3 Be7 6. O-O O-O 7. h3 c5 8. dxc5 Bxc5 9. Bg5 h6 10. Bh4 Nc6 11. Nc3 Be6 12. Re1 Re8 13. Qd2 Be7 14. Rad1 Qb6 15. Qc1 Rac8 16. a3 Na5 17. Nd4 Nc4 18. Nxe6 fxe6 19. Bg6 Rf8 20. Re2 Qxb2 21. Qxb2 Nxb2 22. Rb1 Rxc3 23. Rxb2 b6 24. Rxe6 Bc5 25. a4 Ne4 26. Bxe4 dxe4 27. Rxe4 g5 28. Rg4 Kh7 29. Bg3 Rf5 30. h4 h5 31. Rxg5 Rxg5 32. hxg5 Rxg3 33. a5 Rxg5 34. axb6 axb6 35. Ra2 Rd5 36. g3 Rd2 37. Ra7+ Kg6 0-1


[Site "https://www.chess.com"]

[Event "Titled Tuesday Blitz May 25 2021"]
[White "Tronenkovs, Valdis"]
[Black "Zakhartsov, Vladimir"]
[WhiteFideId "11601558"]
[BlackFideId "4145097"]
[WhiteElo "2232"]
[BlackElo "2462"]
[Result "1-0"]
[Round "03"]
[TimeControl "180+1"]
[Date "2021.05.25"]
[WhiteClock "0:00:05"]
[BlackClock "0:00:02"]

1. e4 c5 2. Ne2 d6 3. g3 d5 4. Bg2 dxe4 5. Nbc3 Bd7 6. O-O Bc6 7. Nxe4 e5 8. f4 f5 9. Ng5 Bxg2 10. Kxg2 h6 11. Nf3 e4 12. Ne5 Nf6 13. d4 Bd6 14. dxc5 Bxe5 15. Qxd8+ Kxd8 16. fxe5 Nfd7 17. Rxf5 Nxc5 18. Be3 Ne6 19. Rf7 Kc8 20. Nf4 Ng5 21. Rxg7 Nc6 22. e6 Re8 23. Rd1 Nd8 24. e7 Nc6 25. Nd5 Ne6 26. Rh7 b6 27. b4 Nc7 28. Nxc7 Kxc7 29. Bf4+ Kc8 30. Rxh6 Nxb4 31. Rd8+ Kb7 32. Rxa8 Kxa8 33. Bd6 Nd5 34. Re6 Kb7 35. Rxe4 Kc6 36. Ba3 b5 37. Re6+ Kc7 38. h4 b4 39. Bc1 Kd7 40. Re5 Nxe7 41. Bg5 Nc6 42. Rxe8 Kxe8 43. Be3 a5 44. Kf3 Kf7 45. Ke4 Ke6 46. g4 Ne5 47. Kf4 Nc4 48. Bc1 a4 49. h5 Kf7 50. g5 Na5 51. g6+ Kg7 52. Kg5 Nc4 53. h6+ Kg8 54. Kf6 Nd6 55. h7+ Kh8 56. Bb2 Nc4 57. Bd4 1-0


[Site "https://www.chess.com"]

[Event "Titled Tuesday Blitz May 25 2021"]
[White "Vakhlamov, Igor L."]
[Black "Kollars, Dmitrij"]
[WhiteFideId "24126748"]
[BlackFideId "12909572"]
[WhiteElo "2405"]
[BlackElo "2576"]
[Result "0-1"]
[Round "03"]
[TimeControl "180+1"]
[Date "2021.05.25"]
[WhiteClock "0:00:02"]
[BlackClock "0:00:59"]

1. e4 c6 2. Nc3 d5 3. Nf3 dxe4 4. Nxe4 Nf6 5. Qe2 Nxe4 6. Qxe4 Nd7 7. Bc4 Nf6 8. Ne5 e6 9. Qe2 b5 10. Bd3 Qc7 11. O-O Bd6 12. f4 O-O 13. b3 a6 14. Bb2 Bb7 15. Ng4 Nxg4 16. Qxg4 f5 17. Qg3 c5 18. Rae1 Rae8 19. c4 Bc6 20. Re2 Rf7 21. h3 b4 22. Bc2 Rfe7 23. d4 cxd4 24. Bxd4 Qb8 25. Rxe6 g6 26. Rxg6+ hxg6 27. Qxg6+ Kf8 28. Qh6+ Kg8 29. Qh8+ Kf7 30. Qh7+ Kf8 31. Qh8+ Kf7 32. Qg7+ Ke6 33. Bxf5+ Kxf5 34. Qg4+ Ke4 35. f5+ Bf4 0-1


[Site "https://www.chess.com"]

[Event "Titled Tuesday Blitz May 25 2021"]
[White "Van Foreest, Jorden"]
[Black "Djordjevic, Vuk"]
[WhiteFideId "1039784"]
[BlackFideId "902098"]
[WhiteElo "2622"]
[BlackElo "2463"]
[Result "1-0"]
[Round "03"]
[TimeControl "180+1"]
[Date "2021.05.25"]
[WhiteClock "0:00:15"]
[BlackClock "0:00:01"]

1. b3 e5 2. Bb2 Nc6 3. c4 d6 4. e3 g6 5. d3 Bg7 6. Nd2 Nge7 7. Ngf3 O-O 8. a3 a5 9. Qc2 h6 10. Be2 g5 11. h3 f5 12. Bc3 Be6 13. Rb1 Ng6 14. g3 d5 15. cxd5 Bxd5 16. e4 Be6 17. exf5 Rxf5 18. Ne4 Qe7 19. b4 axb4 20. axb4 Bd5 21. O-O Raf8 22. b5 Nd4 23. Nxd4 exd4 24. Bb4 Qe5 25. Bxf8 Rxf8 26. Rbc1 c6 27. bxc6 bxc6 28. Rfe1 Ne7 29. Bg4 Ng6 30. Bd7 Kh7 31. Bxc6 Rc8 32. Qa4 Bxc6 33. Rxc6 Rxc6 34. Qxc6 Ne7 35. Qd7 Nd5 36. Qg4 Nb4 37. Qf3 Nc2 38. Rc1 Nb4 39. Rc5 Qe6 40. Rc7 Nd5 41. Rb7 Kg6 42. Nc5 Qd6 43. Qe4+ Kf6 44. Nd7+ 1-0


[Site "https://www.chess.com"]

[Event "Titled Tuesday Blitz May 25 2021"]
[White "Vega Gutierrez, Sabrina"]
[Black "Goryachkina, Aleksandra"]
[WhiteFideId "2219026"]
[BlackFideId "4147103"]
[WhiteElo "2281"]
[BlackElo "2441"]
[Result "1-0"]
[Round "03"]
[TimeControl "180+1"]
[Date "2021.05.25"]
[WhiteClock "0:00:02"]
[BlackClock "0:00:01"]

1. e4 c5 2. Nf3 d6 3. d4 cxd4 4. Nxd4 Nf6 5. Nc3 a6 6. Bg5 Nbd7 7. f4 Qc7 8. Qf3 h6 9. Bh4 g6 10. O-O-O Bg7 11. g4 b5 12. Bg2 Bb7 13. Bg3 b4 14. Nd5 Nxd5 15. exd5 O-O 16. Rhe1 Rac8 17. Qf2 Nc5 18. Kb1 Na4 19. h4 Qc5 20. f5 Bxd5 21. Bxd5 Qxd5 22. g5 Qc5 23. f6 exf6 24. gxf6 Bh8 25. Qf4 Rfe8 26. Rf1 Qe5 27. Qxh6 Qxg3 28. h5 Nc3+ 29. bxc3 bxc3 30. hxg6 1-0


[Site "https://www.chess.com"]

[Event "Titled Tuesday Blitz May 25 2021"]
[White "Visakh N R"]
[Black "CyberneticLion"]
[WhiteFideId "25012223"]
[WhiteElo "2823"]
[BlackElo "2578"]
[Result "1-0"]
[Round "03"]
[TimeControl "180+1"]
[Date "2021.05.25"]
[WhiteClock "0:00:34"]
[BlackClock "0:00:01"]

1. e4 e5 2. Nf3 Nc6 3. Bb5 Nf6 4. O-O Nxe4 5. Re1 Nd6 6. Nxe5 Be7 7. Bf1 Nxe5 8. Rxe5 O-O 9. d4 Bf6 10. Re1 b6 11. c3 Bb7 12. Bf4 Nf5 13. Bd3 Nh4 14. Be4 Bxe4 15. Rxe4 d5 16. Re1 Ng6 17. Bg3 c6 18. Nd2 Qd7 19. h3 Rfe8 20. Qg4 Nf8 21. a4 a6 22. a5 b5 23. Nb3 Qxg4 24. hxg4 Ne6 25. Nc1 b4 26. Nd3 bxc3 27. bxc3 c5 28. Be5 cxd4 29. Bxf6 gxf6 30. Nb4 Red8 31. cxd4 Nxd4 32. Rad1 Ne6 33. Nxd5 Kg7 34. Ne3 Rxd1 35. Rxd1 Rd8 36. Rc1 Rb8 37. Rc6 Rb1+ 38. Kh2 1-0


[Site "https://www.chess.com"]

[Event "Titled Tuesday Blitz May 25 2021"]
[White "Vogel, Roven"]
[Black "Sanchez Alvares, Kelvin Antonio"]
[WhiteFideId "12908088"]
[BlackFideId "3906680"]
[WhiteElo "2752"]
[BlackElo "2549"]
[Result "1/2-1/2"]
[Round "03"]
[TimeControl "180+1"]
[Date "2021.05.25"]
[WhiteClock "0:00:06"]
[BlackClock "0:00:28"]

1. d4 d5 2. c4 c6 3. Nf3 Nf6 4. Nbd2 Bf5 5. Nh4 Bg6 6. Qb3 Qb6 7. Qh3 Nbd7 8. Nxg6 fxg6 9. c5 Qc7 10. Qe6 Nb8 11. g3 Qd7 12. Bh3 Qxe6 13. Bxe6 Na6 14. Nf3 Nc7 15. Bh3 Nh5 16. Bd2 Na6 17. b4 h6 18. Rb1 Nc7 19. a4 a6 20. Nh4 Kf7 21. Nf3 g5 22. Ne5+ Kf6 23. e3 g6 24. Ke2 Kg7 25. f4 Nf6 26. Bg2 e6 27. h4 g4 28. Kd3 h5 29. Kc2 Be7 30. Ra1 Rhd8 31. Kd3 Nfe8 32. Rhb1 Bf6 33. Kc2 Kh7 34. Bf1 Ng7 35. Bd3 Nf5 36. Rg1 Bxe5 37. fxe5 Rf8 38. Kc3 Kg7 39. Raf1 Rf7 40. Rf4 Raf8 41. Kc2 Ne7 42. Kd1 Rxf4 43. exf4 Nf5 44. Bc3 Ra8 45. Ke2 Kf7 46. Kf2 Ke7 47. Ra1 Kd7 48. Bc2 Rf8 49. Rd1 Ra8 50. Be1 Rf8 51. Ke2 Rf7 52. Kd3 Rf8 53. Kc3 Ra8 54. Rd3 Ke7 55. Bf2 Kd7 56. Be1 Ke7 57. Kb3 Kd7 58. Kb2 Ke7 59. Bf2 Kd7 60. Rb3 Rb8 61. Bd3 Ra8 62. Kb1 Ra7 63. Rb2 Ra8 64. Rb3 Ra7 65. Ra3 Ra8 66. Kb2 Kd8 67. Kc3 Kd7 68. Ra2 Ke7 69. Ra1 Kd7 70. Ra2 Ra7 71. Bf1 Ra8 72. Be2 Kc8 73. Bf1 Kd7 74. Bd3 1/2-1/2


[Site "https://www.chess.com"]

[Event "Titled Tuesday Blitz May 25 2021"]
[White "Volkov, Maksim"]
[Black "Barrientos, Sergio E"]
[WhiteFideId "54123070"]
[BlackFideId "4401824"]
[WhiteElo "2113"]
[BlackElo "2536"]
[Result "0-1"]
[Round "03"]
[TimeControl "180+1"]
[Date "2021.05.25"]
[WhiteClock "0:01:21"]
[BlackClock "0:01:59"]

1. d4 Nf6 2. c4 g6 3. Nc3 d5 4. Nf3 Bg7 5. g3 O-O 6. Bg2 dxc4 7. e4 c5 8. d5 Bg4 9. O-O Nfd7 10. h3 Bxf3 11. Qxf3 Ne5 12. Qe2 Nbd7 13. Be3 a6 14. a4 Qa5 15. Bd2 Qc7 16. b3 cxb3 17. f4 c4 18. fxe5 Bxe5 19. g4 b5 20. axb5 axb5 21. Nxb5 Qc5+ 22. Qf2 Rxa1 0-1


[Site "https://www.chess.com"]

[Event "Titled Tuesday Blitz May 25 2021"]
[White "Wagh Suyog"]
[Black "Indjic, Aleksandar"]
[WhiteFideId "25071688"]
[BlackFideId "911925"]
[WhiteElo "2219"]
[BlackElo "2643"]
[Result "0-1"]
[Round "03"]
[TimeControl "180+1"]
[Date "2021.05.25"]
[WhiteClock "0:00:08"]
[BlackClock "0:00:44"]

1. d4 Nf6 2. c4 e6 3. Nf3 d5 4. Nc3 Nbd7 5. cxd5 exd5 6. Bg5 c6 7. e3 Bd6 8. Bd3 Nf8 9. Bf4 Ng6 10. Bg3 O-O 11. Qc2 Re8 12. O-O-O b5 13. Kb1 a5 14. Ne2 Bxg3 15. hxg3 Bd7 16. Nf4 Rc8 17. Ne5 Nxe5 18. dxe5 Rxe5 19. Bxh7+ Kf8 20. Bd3 Qb6 21. Ka1 c5 22. Be2 Bf5 23. Bd3 Bd7 24. Rh8+ Ke7 25. Rxc8 Bxc8 26. Be2 c4 27. Bf3 Be6 28. Qc3 Qc7 29. Qd4 b4 30. g4 a4 31. Nh3 Bxg4 32. Bxg4 Re4 33. Qd2 c3 34. bxc3 bxc3 35. Qc2 Rxg4 36. Nf4 g5 37. Ne2 Rxg2 38. Nd4 Ne4 39. Nf5+ Kf6 40. Nd4 Rxf2 41. Qd3 c2 42. Rf1 0-1


[Site "https://www.chess.com"]

[Event "Titled Tuesday Blitz May 25 2021"]
[White "Weetik, Vjacheslav"]
[Black "Tomb, Maroun"]
[WhiteFideId "4153472"]
[BlackFideId "5300398"]
[WhiteElo "2469"]
[BlackElo "2512"]
[Result "1-0"]
[Round "03"]
[TimeControl "180+1"]
[Date "2021.05.25"]
[WhiteClock "0:00:09"]
[BlackClock "0:00:17"]

1. e4 d5 2. exd5 Nf6 3. Nf3 Qxd5 4. Nc3 Qd8 5. d4 c6 6. Bg5 Bg4 7. Be2 Nbd7 8. Qd2 e6 9. O-O-O Be7 10. h3 Bxf3 11. Bxf3 Qa5 12. Kb1 O-O 13. Nd5 Qd8 14. Nxe7+ Qxe7 15. Rhe1 a5 16. c4 Qd8 17. h4 a4 18. h5 h6 19. Bf4 Qa5 20. Qc2 Nxh5 21. Bd2 Qb6 22. Bxh5 Qxd4 23. Bb4 Qh4 24. Bxf8 Nxf8 25. Bf3 a3 26. b3 Ng6 27. g3 Qf6 28. Be4 Ne5 29. f4 Ng4 30. Bf3 h5 31. Bxg4 hxg4 32. Rh1 g6 33. Rd3 e5 34. Qc3 Re8 35. Re3 Qf5+ 36. Ka1 f6 37. Qd3 e4 38. Qc3 Kg7 39. Re2 Re7 40. Reh2 e3 41. Rh7+ Kf8 42. Rxe7 Kxe7 43. Qxe3+ Kd8 44. Rd1+ Kc8 45. Qe8+ 1-0


[Site "https://www.chess.com"]

[Event "Titled Tuesday Blitz May 25 2021"]
[White "Woodward, Andy"]
[Black "Dobrov, Vladimir"]
[WhiteFideId "30953499"]
[BlackFideId "4136594"]
[WhiteElo "2615"]
[BlackElo "2614"]
[Result "0-1"]
[Round "03"]
[TimeControl "180+1"]
[Date "2021.05.25"]
[WhiteClock "0:00:06"]
[BlackClock "0:00:42"]

1. d4 Nf6 2. c4 e6 3. Nc3 Bb4 4. Qc2 d5 5. cxd5 exd5 6. Bg5 h6 7. Bh4 g5 8. Bg3 Ne4 9. e3 h5 10. f3 Nxg3 11. hxg3 Qe7 12. O-O-O Qxe3+ 13. Kb1 Bxc3 14. bxc3 Qe7 15. Nh3 Be6 16. Bd3 Nd7 17. Rhe1 O-O-O 18. f4 h4 19. f5 hxg3 20. fxe6 fxe6 21. Bf5 Rh6 22. Bg4 Kb8 23. Re3 Nb6 24. Ka1 Nc4 25. Rxg3 e5 26. dxe5 Qxe5 27. Qf2 Rf6 28. Qe1 Qd6 29. Rgd3 Qa3 30. Rb1 Rb6 31. Nxg5 Rb2 32. Rxd5 Rxa2# 0-1


[Site "https://www.chess.com"]

[Event "Titled Tuesday Blitz May 25 2021"]
[White "Xiong, Jeffery"]
[Black "Cardoso Cardoso, Jose Gabriel"]
[WhiteFideId "2047640"]
[BlackFideId "4430492"]
[WhiteElo "2724"]
[BlackElo "2343"]
[Result "1-0"]
[Round "03"]
[TimeControl "180+1"]
[Date "2021.05.25"]
[WhiteClock "0:00:59"]
[BlackClock "0:00:02"]

1. e4 c5 2. Nf3 d6 3. d4 cxd4 4. Qxd4 Nf6 5. Bb5+ Nc6 6. Bg5 e5 7. Qd3 a6 8. Bxc6+ bxc6 9. c4 Be7 10. Nc3 Nd7 11. Bxe7 Kxe7 12. Rd1 Nc5 13. Qe3 Qc7 14. Nxe5 Re8 15. Nd3 Nxd3+ 16. Qxd3 Bg4 17. Rd2 Rad8 18. O-O Kf8 19. Qg3 Be6 20. c5 Qa7 21. cxd6 Rd7 22. Rc1 Red8 23. Na4 Qb8 24. Qa3 Kg8 25. e5 Rb7 26. b3 Rb5 27. Nc5 Bd5 28. Qxa6 h6 29. h3 Re8 30. d7 Rd8 31. a4 Rb6 32. Qa5 Qc7 33. b4 Rdb8 34. Na6 1-0


[Site "https://www.chess.com"]

[Event "Titled Tuesday Blitz May 25 2021"]
[White "Yang, Kaiqi"]
[Black "Drygalov, Sergey"]
[WhiteFideId "8604398"]
[BlackFideId "24171743"]
[WhiteElo "2373"]
[BlackElo "2538"]
[Result "0-1"]
[Round "03"]
[TimeControl "180+1"]
[Date "2021.05.25"]
[WhiteClock "0:00:01"]
[BlackClock "0:00:25"]

1. e4 c5 2. Nf3 d6 3. Bb5+ Nd7 4. a4 Nf6 5. Nc3 a6 6. Bc4 g6 7. O-O Bg7 8. d3 O-O 9. h3 Ne5 10. Nxe5 dxe5 11. a5 Nd7 12. Be3 Kh8 13. Qd2 e6 14. Na4 Qe7 15. Rab1 f5 16. f3 f4 17. Bf2 Rd8 18. b4 cxb4 19. Qxb4 Qe8 20. Qd6 Nf8 21. Qb4 Bd7 22. Nb6 Rab8 23. Bh4 Bc6 24. Qc3 Nd7 25. Ba2 Nxb6 26. Rxb6 Rdc8 27. Qb2 Qd7 28. Rb1 Rc7 29. Bf2 Rbc8 30. Bc4 g5 31. Qa2 Re8 32. Qb2 Qf7 33. Be1 h5 34. Bc3 Qf6 35. Qb4 Rd8 36. Kf2 g4 37. hxg4 Qh4+ 38. Ke2 Qh2 39. Rf1 hxg4 40. Bxe6 Qxg2+ 41. Rf2 gxf3+ 42. Ke1 Qg1+ 43. Rf1 Qe3+ 44. Kd1 Qe2+ 45. Kc1 Qxf1+ 46. Kb2 Qg1 47. Ka2 f2 48. Qb2 f1=Q 49. Bxe5 Re7 50. Bxg7+ Qxg7 51. Qb3 Qfa1# 0-1


[Site "https://www.chess.com"]